[Event "AUT-ch 2018"]
[Site "Vienna"]
[Date "2018.07.23"]
[Round "3"]
[White "Morgunov, Marc"]
[Black "Ager, Josef"]
[Result "0-1"]
[ECO "A04"]
[WhiteElo "2362"]
[BlackElo "2154"]
[Annotator "NA"]
[PlyCount "84"]
[EventDate "2018.07.22"]
[EventType "swiss"]
[EventCountry "AUT"]
[SourceTitle "playchess.com"]
[Source "ChessBase"]
[SourceQuality "1"]
[TimeControl "40/5400+30:1800+30"]

1. Nf3 g6 2. g3 Bg7 3. Bg2 d6 4. O-O Nc6 {[%emt 0:00:14] A04: Unusual lines after 1 Nf3 and King's Indian Attack} (4... e5 5. c4 f5 6. Nc3 Nf6 7. d3 O-O 8. b4 Nh5 9. Bg5 Qe8 10. Nd5 Rf7 11. b5 f4 12. h3 fxg3 13. Be3 gxf2+ 14. Rxf2 c6 15. bxc6 bxc6 16. Nc3 {1-0 (35) Carlsen,M (2832)-Guseinov,G (2645) chess.com INT 2017}) 5. d3 f5 6. e4 Nf6 7. Re1 O-O 8. c3 fxe4 $146 ({Predecessor:} 8... e5 9. Ng5 Kh8 10. f4 h6 11. Nf3 exf4 12. Bxf4 fxe4 13. dxe4 {0-1 (47) Balogun,O (2222)-Hawkins,J (2583) chess.com INT 2017}) 9. dxe4 e5 10. Nbd2 Kh8 11. Qc2 Be6 12. h3 h6 13. Nh4 Ne7 14. g4 Nfg8 15. Ndf3 Qe8 16. Be3 Nc6 17. g5 h5 18. Nd2 Nge7 19. Nf1 Qf7 20. b3 Qe8 21. Rad1 Bg8 22. Ng3 Bh7 23. Ne2 Nd8 24. f4 Ne6 25. fxe5 Bxe5 26. Nf3 Bg7 27. Ned4 Nc6 28. Nxc6 bxc6 29. Bd4 Qe7 30. Bxg7+ Kxg7 31. e5 d5 32. c4 Bg8 33. cxd5 cxd5 34. Rxd5 Nxg5 {[%emt 0:01:46] [#]} 35. Nh4 $2 ({White must play} 35. e6 $1 $16 Nxf3+ 36. Bxf3) 35... Nxh3+ 36. Bxh3 Qxh4 37. Rd7+ Kh8 38. Qc3 Qf2+ 39. Kh1 Rf3 40. Qxf3 Qxf3+ $19 41. Bg2 Qf2 42. Rf1 Qh4+ 0-1

[Event "AUT-ch 2018"]
[Site "Vienna"]
[Date "2018.07.23"]
[Round "3"]
[White "Sandhoefner, Florian"]
[Black "Hapala, Elisabeth"]
[Result "1/2-1/2"]
[ECO "B42"]
[WhiteElo "2327"]
[BlackElo "2131"]
[Annotator "NA"]
[PlyCount "84"]
[EventDate "2018.07.22"]
[EventType "swiss"]
[EventCountry "AUT"]
[SourceTitle "playchess.com"]
[Source "ChessBase"]
[SourceQuality "1"]
[TimeControl "40/5400+30:1800+30"]

1. e4 c5 2. Nf3 e6 3. d4 cxd4 4. Nxd4 a6 5. Bd3 Bc5 6. Nb3 Ba7 7. Nc3 Nc6 8. Qe2 d6 9. Be3 Nge7 10. f4 {[%emt 0:02:23] B42: Sicilian: Kan Variation: 5 Bd3} b5 11. Bxa7 (11. a4 b4 12. Nd1 Ng6 13. g3 O-O 14. Bxa7 Rxa7 15. Ne3 Na5 16. Nxa5 Qxa5 17. b3 Qc5 {1-0 (46) Svidler,P (2765)-Romanov,E (2626) St Petersburg 2017}) 11... Rxa7 12. Qf2 Rd7 13. O-O-O $146 ({Predecessor:} 13. O-O O-O 14. f5 Rb7 15. Kh1 Ne5 16. Qg3 f6 17. a4 b4 {0-1 (32) Postnikov,D (2116)-Girya,O (2335) Dagomys 2009}) 13... Ng6 14. Rd2 O-O 15. h4 e5 16. f5 Nf4 17. Bf1 Nh5 18. Be2 Nf6 19. Bf3 Na5 20. g4 Nc4 21. Rd3 Qb6 22. Qg3 b4 23. g5 Ne8 24. Nd5 Qd8 25. f6 g6 $2 (25... Bb7 $16) 26. Bg4 h5 27. Bxd7 Bxd7 28. Qf2 Nc7 29. Ne7+ Kh7 30. Nd2 Bb5 31. Rd1 Ne6 $2 (31... Na5 32. Re3 Ne6) 32. Nxc4 Bxc4 33. Rxd6 Qa5 {[%emt 0:00:06] [#]} 34. b3 $2 (34. Nxg6 $1 $18 fxg6 35. Qa7+ Nc7 36. Rd7+ Bf7 37. R1d5) 34... Qxa2 35. bxc4 Qa1+ 36. Kd2 Qc3+ 37. Ke2 Nf4+ 38. Kf1 Qh3+ 39. Ke1 Ng2+ 40. Ke2 Nf4+ 41. Ke1 Ng2+ 42. Ke2 Nf4+ $11 1/2-1/2

[Event "AUT-ch 2018"]
[Site "Vienna"]
[Date "2018.07.23"]
[Round "3"]
[White "Kummer, Helmut"]
[Black "Froewis, Annika"]
[Result "1-0"]
[ECO "D49"]
[WhiteElo "2290"]
[BlackElo "2128"]
[Annotator "ChessBase"]
[PlyCount "53"]
[EventDate "2018.07.22"]
[EventType "swiss"]
[EventCountry "AUT"]
[SourceTitle "playchess.com"]
[Source "ChessBase"]
[SourceQuality "1"]
[TimeControl "40/5400+30:1800+30"]

1. d4 d5 2. c4 e6 3. Nc3 c6 4. Nf3 Nf6 5. e3 Nbd7 6. Bd3 dxc4 7. Bxc4 b5 8. Bd3 a6 9. e4 c5 10. e5 cxd4 11. Nxb5 axb5 12. exf6 gxf6 13. O-O Qb6 14. Qe2 Bb7 15. Bxb5 Rg8 16. Bf4 Bc5 17. Rfd1 Ke7 18. Bg3 h5 19. a4 Bd5 20. b4 Bxf3 21. Qxf3 Bd6 22. Bxd7 Bxg3 23. hxg3 Kxd7 24. Qxf6 Ke8 25. Rxd4 Qb7 26. Rad1 Qe7 27. Qe5 1-0

[Event "AUT-ch 2018"]
[Site "Vienna"]
[Date "2018.07.23"]
[Round "3"]
[White "Sadilek, Peter"]
[Black "Toelly, Michael"]
[Result "1-0"]
[ECO "A46"]
[WhiteElo "2268"]
[BlackElo "2127"]
[Annotator "ChessBase"]
[PlyCount "93"]
[EventDate "2018.07.22"]
[EventType "swiss"]
[EventCountry "AUT"]
[SourceTitle "playchess.com"]
[Source "ChessBase"]
[SourceQuality "1"]
[TimeControl "40/5400+30:1800+30"]

1. d4 Nf6 2. Nf3 e6 3. g3 d5 4. Bg2 Nbd7 5. O-O Be7 6. c4 c6 7. Nc3 O-O 8. Bf4 Nh5 9. Bc1 f5 10. b3 Nhf6 11. e3 Ne4 12. Ne2 Ndf6 13. Ne5 Bd7 14. Nf4 Qc8 15. Bb2 Be8 16. Rc1 g5 17. Nfd3 Bh5 18. f3 Nd6 19. Ba3 Qe8 20. Bc5 Nf7 21. Bxe7 Qxe7 22. Qd2 Rac8 23. Nxf7 Bxf7 24. e4 h6 25. e5 Nd7 26. cxd5 exd5 27. f4 g4 28. Qa5 a6 29. Rfe1 Be6 30. Qc3 h5 31. a4 Kg7 32. b4 Qd8 33. Qb3 Qb6 34. Qc3 Kf7 35. Nc5 Nxc5 36. bxc5 Qc7 37. Rb1 Ra8 38. Rb6 Kg6 39. Qb3 Rf7 40. Bxd5 Bxd5 41. Qxd5 Rd8 42. Qc4 Kg7 43. e6 Re7 44. Re5 Kg6 45. Qd3 Rf8 46. d5 cxd5 47. Qxd5 1-0

[Event "AUT-ch 2018"]
[Site "Vienna"]
[Date "2018.07.23"]
[Round "3"]
[White "Gerhold, Michael"]
[Black "Hupfer, Robert"]
[Result "1-0"]
[ECO "B12"]
[WhiteElo "2254"]
[BlackElo "2122"]
[Annotator "ChessBase"]
[PlyCount "61"]
[EventDate "2018.07.22"]
[EventType "swiss"]
[EventCountry "AUT"]
[SourceTitle "playchess.com"]
[Source "ChessBase"]
[SourceQuality "1"]
[TimeControl "40/5400+30:1800+30"]

1. e4 c6 2. d4 d5 3. e5 Bf5 4. Nf3 e6 5. Be2 Nd7 6. O-O Ne7 7. Nbd2 h6 8. Nb3 Qc7 9. Bd2 g5 10. Bb4 Ng6 11. Bxf8 Ndxf8 12. g3 Nd7 13. c4 O-O-O 14. cxd5 exd5 15. Rc1 Ngf8 16. Qd2 f6 17. exf6 Nxf6 18. Ne5 Ng6 19. Nxg6 Bxg6 20. Na5 Qb6 21. b4 Ne4 22. Qb2 Kb8 23. a3 Rhf8 24. Nb3 Bf5 25. f3 Nd6 26. Nc5 Rfe8 27. a4 Re3 28. a5 Qc7 29. b5 Rde8 30. bxc6 Qxc6 31. Na6+ 1-0

[Event "AUT-ch 2018"]
[Site "Vienna"]
[Date "2018.07.23"]
[Round "3"]
[White "Sadilek, Maximilian"]
[Black "Charaus, Florian"]
[Result "1-0"]
[ECO "A48"]
[WhiteElo "2224"]
[BlackElo "2115"]
[Annotator "NA"]
[PlyCount "47"]
[EventDate "2018.07.22"]
[EventType "swiss"]
[EventCountry "AUT"]
[SourceTitle "playchess.com"]
[Source "ChessBase"]
[SourceQuality "1"]
[TimeControl "40/5400+30:1800+30"]

1. d4 Nf6 2. Nf3 g6 3. Nc3 d5 4. Bf4 Bg7 5. e3 O-O 6. Be2 c6 7. h4 h5 8. Ne5 b5 9. g4 hxg4 10. Nxg4 Qa5 11. Nxf6+ exf6 12. h5 b4 13. Nb1 f5 14. Nd2 Ba6 15. Nb3 Qb6 16. Nc5 Bxe2 17. Qxe2 Re8 18. Qd3 a5 19. O-O-O Na6 20. hxg6 Nxc5 21. gxf7+ Kxf7 22. Qxf5+ Kg8 23. dxc5 Qxc5 24. Rdg1 1-0

[Event "AUT-ch 2018"]
[Site "Vienna"]
[Date "2018.07.23"]
[Round "3"]
[White "Steiner, Bruno"]
[Black "Iro, Christian"]
[Result "1-0"]
[ECO "D05"]
[WhiteElo "2194"]
[BlackElo "2055"]
[Annotator "NA"]
[PlyCount "71"]
[EventDate "2018.07.22"]
[EventType "swiss"]
[EventCountry "AUT"]
[SourceTitle "playchess.com"]
[Source "ChessBase"]
[SourceQuality "1"]
[TimeControl "40/5400+30:1800+30"]

1. Nf3 Nf6 2. e3 e6 3. d4 d5 4. Bd3 Be7 5. b3 O-O 6. Bb2 c5 7. O-O Nc6 8. Nbd2 b6 9. a3 Bb7 10. Qe2 Rc8 {[%emt 0:06:47] D05: Damenbauernspiele (Colle-Aufbau)} (10... Qc7 11. Rac1 Rac8 12. c4 dxc4 13. bxc4 cxd4 14. exd4 Rfe8 15. Rfe1 Qb8 16. Ne4 Na5 17. Neg5 Qf4 18. Nxe6 fxe6 19. Qxe6+ {0-1 (33) Mamedyarov,S (2808)-Nakamura,H (2769) Paris 2018}) 11. Rad1 Qc7 12. dxc5 bxc5 13. e4 d4 14. e5 Nd5 15. Qe4 g6 16. Nc4 $146 ({Vorgänger:} 16. Rde1 a5 17. Qg4 a4 18. h4 axb3 19. cxb3 {0-1 (72) Hoang,T (2283)-Cao,S (2430) Ho Chi Minh City 2016}) 16... Ba8 17. Rde1 Na5 18. Nxa5 Qxa5 19. Qg4 Bc6 20. Bc1 Bb5 21. Bxb5 Qxb5 22. Ng5 Nc3 23. Qh3 h5 24. Nxe6 Rfe8 25. Nf4 Bg5 26. Nd3 Bxc1 27. Nxc1 Nb1 28. f4 Nxa3 29. f5 Nxc2 30. fxg6 fxg6 31. Rf6 Kh7 32. Rf7+ Kh8 33. Ref1 Ne3 34. R1f6 Qb4 35. Qg3 Qd2 (35... Ng4 $11 36. Rxg6 Rg8) 36. Rh7+ {[%emt 0:00:19] Qb4 Rhf7 Ng4} 1-0

[Event "AUT-ch 2018"]
[Site "Vienna"]
[Date "2018.07.23"]
[Round "3"]
[White "Bauer, Thomas"]
[Black "Pernerstorfer, Johannes"]
[Result "1-0"]
[ECO "B51"]
[WhiteElo "2181"]
[BlackElo "2066"]
[Annotator "NA"]
[PlyCount "87"]
[EventDate "2018.07.22"]
[EventType "swiss"]
[EventCountry "AUT"]
[SourceTitle "playchess.com"]
[Source "ChessBase"]
[SourceQuality "1"]
[TimeControl "40/5400+30:1800+30"]

1. e4 c5 2. Nf3 d6 3. Bb5+ Nd7 4. O-O e6 {[%emt 0:01:06] B51: Sicilian: Moscow Variation (3 Bb5+) without 3...Bd7} (4... a6 5. Bd3 Ngf6 6. c3 b5 7. a4 c4 8. Be2 Bb7 9. axb5 axb5 10. Rxa8 Bxa8 11. Na3 Bxe4 12. Nxb5 d5 {1-0 (28) Svidler,P (2753)-Nepomniachtchi,I (2757) Jerusalem 2018}) 5. Re1 a6 6. Bf1 Be7 $146 ({Predecessor:} 6... Ngf6 7. c3 Be7 8. d4 O-O 9. Bg5 h6 10. Bh4 b6 11. Nbd2 Bb7 12. e5 Ne8 13. Bg3 cxd4 14. cxd4 dxe5 15. dxe5 Nc7 16. a3 {0-1 (34) Vidarsson,J (2340)-Stefansson,H (2540) Gardabaer 1996}) 7. c3 b5 8. a4 b4 9. d4 Bb7 10. Nbd2 Ngf6 11. Bd3 h5 12. Nf1 Qc7 13. Bg5 c4 14. Bb1 b3 15. e5 dxe5 16. dxe5 Ng4 17. Bxe7 Kxe7 18. Nd4 Ngxe5 19. Qd2 Kf8 20. f4 Ng4 21. h3 e5 22. fxe5 Ngxe5 23. Ne3 Re8 24. Ndf5 Re6 25. Qd4 Rg6 26. Be4 Bxe4 27. Qxe4 Qc6 28. Nd5 Rg5 29. Rad1 g6 30. Nd4 Qd6 31. Nf4 Qe7 32. Kh1 Kg7 33. Nf3 Rf5 34. Rxd7 Qxd7 35. Nxe5 Qd2 36. Rf1 Re8 37. Nxh5+ Kf8 38. Nxg6+ fxg6 39. Rxf5+ gxf5 40. Qxf5+ Ke7 41. Qe5+ Kd8 42. Qb8+ Ke7 $18 43. Qc7+ Qd7 44. Qxd7+ {Kd8} 1-0

[Event "AUT-ch 2018"]
[Site "Vienna"]
[Date "2018.07.23"]
[Round "3"]
[White "Schnegg, Anna-Lena"]
[Black "Tauber, Andreas"]
[Result "1-0"]
[ECO "A00"]
[WhiteElo "2175"]
[BlackElo "1993"]
[Annotator "ChessBase"]
[PlyCount "79"]
[EventDate "2018.07.22"]
[EventType "swiss"]
[EventCountry "AUT"]
[SourceTitle "playchess.com"]
[Source "ChessBase"]
[SourceQuality "1"]
[TimeControl "40/5400+30:1800+30"]

1. g3 d5 2. f4 c5 3. Nf3 Nc6 4. Bg2 Nf6 5. O-O Qc7 6. d3 e5 7. e4 Bg4 8. exd5 Nxd5 9. Qe1 Bxf3 10. Bxf3 O-O-O 11. fxe5 Qxe5 12. Qf2 f6 13. Nc3 Nde7 14. Bg4+ f5 15. Bxf5+ Nxf5 16. Qxf5+ Qxf5 17. Rxf5 Nd4 18. Rf2 c4 19. dxc4 Bc5 20. Kg2 Rhf8 21. Be3 Rxf2+ 22. Bxf2 Nxc2 23. Rd1 Bxf2 24. Rxd8+ Kxd8 25. Kxf2 Kc7 26. Ke2 Nd4+ 27. Ke3 Ne6 28. Ke4 Kd6 29. b3 a6 30. h4 Nc5+ 31. Kf5 Nd3 32. Ne4+ Ke7 33. Nc3 Kd6 34. g4 Nb4 35. g5 Nc6 36. Ne4+ Ke7 37. Nc5 g6+ 38. Ke4 Nd8 39. Kd5 a5 40. a3 1-0

[Event "AUT-ch 2018"]
[Site "Vienna"]
[Date "2018.07.23"]
[Round "3"]
[White "Polterauer, Chiara"]
[Black "Konecny, Sophie"]
[Result "1-0"]
[ECO "B00"]
[WhiteElo "2169"]
[BlackElo "1889"]
[Annotator "NA"]
[PlyCount "43"]
[EventDate "2018.07.22"]
[EventType "swiss"]
[EventCountry "AUT"]
[SourceTitle "playchess.com"]
[Source "ChessBase"]
[SourceQuality "1"]
[TimeControl "40/5400+30:1800+30"]

1. e4 b6 2. d4 Bb7 3. Bd3 e6 4. Nf3 d5 5. exd5 exd5 6. O-O Be7 7. Re1 Nf6 8. Qe2 Ne4 9. c4 Bb4 10. Bd2 Bxd2 11. Nbxd2 O-O 12. Nxe4 dxe4 13. Bxe4 c6 14. Rad1 Nd7 15. Ne5 Re8 16. Bxh7+ Kf8 17. Qf3 Nxe5 18. dxe5 Qc7 19. e6 c5 20. Qf5 Re7 21. Bg6 Qc6 22. f3 1-0

[Event "AUT-ch 2018"]
[Site "Vienna"]
[Date "2018.07.23"]
[Round "3"]
[White "Frank, Emanuel"]
[Black "Neumeier, Klaus"]
[Result "1-0"]
[ECO "A62"]
[WhiteElo "2161"]
[BlackElo "2284"]
[Annotator "NA"]
[PlyCount "59"]
[EventDate "2018.07.22"]
[EventType "swiss"]
[EventCountry "AUT"]
[SourceTitle "playchess.com"]
[Source "ChessBase"]
[SourceQuality "1"]
[TimeControl "40/5400+30:1800+30"]

1. d4 Nf6 2. c4 e6 3. g3 c5 4. d5 exd5 5. cxd5 d6 6. Nc3 g6 7. Bg2 Bg7 8. Nf3 O-O 9. O-O Re8 10. Bf4 Ne4 11. Nxe4 Rxe4 12. Nd2 Rxf4 13. gxf4 Bxb2 14. Rb1 Bg7 15. e4 Nd7 16. Re1 Bh6 17. e5 Bxf4 18. e6 Ne5 19. Re4 Qf6 20. Qa4 Bxd2 21. Qe8+ Kg7 22. e7 Bh3 23. Qxa8 Nf3+ 24. Bxf3 Qxf3 25. Qf8+ Kf6 26. Qxf7+ Kxf7 27. e8=Q+ Kg7 28. Rxb7+ Kh6 29. Rh4+ Kg5 30. Qe7+ 1-0

[Event "AUT-ch 2018"]
[Site "Vienna"]
[Date "2018.07.23"]
[Round "3"]
[White "Miazhynski, Yuri"]
[Black "Brueck, Michael"]
[Result "1-0"]
[ECO "A05"]
[WhiteElo "2147"]
[BlackElo "2000"]
[Annotator "NA"]
[PlyCount "63"]
[EventDate "2018.07.22"]
[EventType "swiss"]
[EventCountry "AUT"]
[SourceTitle "playchess.com"]
[Source "ChessBase"]
[SourceQuality "1"]
[TimeControl "40/5400+30:1800+30"]

1. Nf3 Nf6 2. g3 b6 3. Bg2 Bb7 4. O-O c5 5. c4 e6 6. b3 Qc7 {[%emt 0:02:45] A30: Symmetrical English: Double Fianchetto and Hedgehog} (6... Be7 7. Bb2 O-O 8. Nc3 d6 9. d4 cxd4 10. Qxd4 a6 11. e4 Nbd7 12. h3 Qc7 13. Rfe1 Rfe8 14. Qe3 Bf8 15. Nd4 g6 16. Rad1 Rad8 17. Ba1 Qb8 18. Qd2 Bg7 19. g4 Nc5 {0-1 (53) Karjakin,S (2760)-Ivanchuk,V (2729) Medias 2017}) 7. Bb2 Be7 8. d3 Nc6 9. Nc3 Rd8 $146 ({Predecessor:} 9... a6 10. e4 d6 11. a3 O-O {0-1 (56) Busch,G (1137)-Schellen,S (1654) Frankfurt 2010}) 10. Rc1 d5 11. cxd5 exd5 12. d4 cxd4 13. Nb5 Qd7 14. Nbxd4 Nxd4 15. Nxd4 O-O 16. Qd3 Rfe8 17. Nf5 Bc5 18. Bxf6 gxf6 19. Qf3 Kh8 20. Nh6 Kg7 21. Qh5 Re5 22. Qh4 Bc8 23. b4 Be7 24. g4 f5 25. Qh5 Bxb4 26. Nxf5+ $18 (26. Qg5+ {setzt Matt} Kf8 27. Qg8+ Ke7 28. Qxf7+ Kd6 29. Qf6+ Qe6 30. Nf7+ Kd7 31. Qxd8#) 26... Rxf5 27. gxf5 Qxf5 28. Qh4 Rd6 29. Qxb4 Rg6 30. Rc3 Ba6 31. Rg3 Bxe2 32. Qb2+ 1-0

[Event "AUT-ch 2018"]
[Site "Vienna"]
[Date "2018.07.23"]
[Round "3"]
[White "Atzl, Florian"]
[Black "Gelbenegger, Patrick"]
[Result "1/2-1/2"]
[ECO "C54"]
[WhiteElo "2117"]
[BlackElo "2260"]
[Annotator "NA"]
[PlyCount "62"]
[EventDate "2018.07.22"]
[EventType "swiss"]
[EventCountry "AUT"]
[SourceTitle "playchess.com"]
[Source "ChessBase"]
[SourceQuality "1"]
[TimeControl "40/5400+30:1800+30"]

1. e4 e5 2. Nf3 Nc6 3. Bc4 Bc5 4. c3 Nf6 5. d3 d6 6. h3 h6 7. Bb3 O-O 8. O-O Be6 9. Qe2 Bxb3 10. axb3 Qe7 11. b4 Bb6 12. Be3 Bxe3 13. Qxe3 a6 14. Nbd2 d5 15. Rfd1 dxe4 16. dxe4 Rad8 17. Nf1 Rxd1 18. Rxd1 Rd8 19. Rxd8+ Qxd8 20. Qd2 Qxd2 21. N1xd2 Nd7 22. Kf1 f6 23. Ke2 Kf7 24. Nc4 Ke6 25. Ne3 Ne7 26. Nh4 g6 27. g4 Nf8 28. f3 Kd6 29. Nc4+ Kd7 30. Ke3 Ne6 31. Ng2 b6 {[%emt 0:00:45] Kd4} 1/2-1/2

[Event "AUT-ch 2018"]
[Site "Vienna"]
[Date "2018.07.23"]
[Round "3"]
[White "Wagner, Leopold Franziskus"]
[Black "Opietnik, Christoph"]
[Result "1-0"]
[ECO "A06"]
[WhiteElo "2108"]
[BlackElo "1983"]
[Annotator "NA"]
[PlyCount "61"]
[EventDate "2018.07.22"]
[EventType "swiss"]
[EventCountry "AUT"]
[SourceTitle "playchess.com"]
[Source "ChessBase"]
[SourceQuality "1"]
[TimeControl "40/5400+30:1800+30"]

1. Nf3 d5 2. g3 Nf6 3. Bg2 e6 4. O-O c5 5. e3 Nc6 6. d4 b6 7. Ne5 Bb7 8. c3 Bd6 9. f4 Ne4 10. Bxe4 dxe4 11. Nd2 Ne7 12. Qa4+ Kf8 13. Ndc4 cxd4 14. cxd4 g6 15. Bd2 Nd5 16. Nd7+ Ke7 17. Nxd6 Kxd6 18. Bb4+ Nxb4 19. Ne5 Ke7 20. Qxb4+ Kf6 21. g4 Kg7 22. f5 Rf8 23. f6+ Kg8 24. Qe1 Qd6 25. Qh4 Rfd8 26. Rac1 Rac8 27. Nxf7 Rxc1 28. Nxd6 Rxf1+ 29. Kxf1 Rxd6 30. f7+ Kg7 31. Qe7 1-0

[Event "AUT-ch 2018"]
[Site "Vienna"]
[Date "2018.07.23"]
[Round "3"]
[White "Schloffer, Jasmin-Denise"]
[Black "Khalakhan, Jurij"]
[Result "1/2-1/2"]
[ECO "A89"]
[WhiteElo "2102"]
[BlackElo "2215"]
[Annotator "NA"]
[PlyCount "79"]
[EventDate "2018.07.22"]
[EventType "swiss"]
[EventCountry "AUT"]
[SourceTitle "playchess.com"]
[Source "ChessBase"]
[SourceQuality "1"]
[TimeControl "40/5400+30:1800+30"]

1. d4 f5 2. Nf3 Nf6 3. g3 d6 4. Bg2 g6 5. O-O Bg7 6. c4 O-O 7. Nc3 Nc6 8. d5 Ne5 9. Qb3 h6 {[%emt 0:08:45] A89: Dutch Defence: Leningrad System: 5 Nf3 0-0 6 0-0 d6 7 Nc3 Nc6} (9... Ned7 10. Qc2 a5 11. Bg5 Nc5 12. Rad1 Bd7 13. Nd4 Qe8 14. Rfe1 Ng4 15. h3 h6 16. Bc1 Nf6 17. e4 fxe4 18. Nxe4 Nfxe4 19. Bxe4 Bxh3 20. Bxg6 {1-0 (46) Illescas Cordoba,M (2618)-Rapport,R (2704) Tromsoe 2014 CBM 162 [Meulders,R]}) 10. Nd4 g5 11. f4 gxf4 12. Bxf4 Ng6 $146 ({Predecessor:} 12... Nh5 13. e3 Ng4 14. Nce2 Bd7 15. c5 dxc5 16. d6+ Kh8 17. dxc7 {1-0 (52) Campos Moreno,J (2491)-Fernando,D (2257) Orense 2000}) 13. e3 Kh8 14. Nce2 Ne4 15. Qc2 c5 16. Nb5 a6 17. Nbc3 Nxc3 18. Nxc3 Rb8 19. a4 Bd7 20. Rfb1 b5 21. axb5 axb5 22. Nxb5 Bxb5 23. cxb5 Rxb5 24. Bf1 Rb4 25. Ra4 Qb6 26. Rxb4 Qxb4 27. Bd3 Nxf4 28. gxf4 Qb7 29. Bc4 Qd7 30. Kh1 Qb7 31. b3 e5 32. fxe5 Bxe5 33. Rg1 Qe7 34. Qg2 Qh4 35. Bd3 Qf6 36. Qg6 Qxg6 37. Rxg6 Rf6 38. Rxf6 $11 Bxf6 39. Bxf5 Be5 40. Bd3 1/2-1/2

[Event "AUT-ch 2018"]
[Site "Vienna"]
[Date "2018.07.23"]
[Round "3"]
[White "Ehs, Dominik"]
[Black "Kersten, Julian"]
[Result "1/2-1/2"]
[ECO "C07"]
[WhiteElo "2097"]
[BlackElo "1979"]
[Annotator "NA RC"]
[PlyCount "81"]
[EventDate "2018.07.22"]
[EventType "swiss"]
[EventCountry "AUT"]
[SourceTitle "playchess.com"]
[Source "ChessBase"]
[SourceQuality "1"]
[TimeControl "40/5400+30:1800+30"]

1. e4 e6 2. d4 d5 3. Nd2 c5 4. exd5 Qxd5 5. Ngf3 cxd4 6. Bc4 Qd7 {[%emt 0:00:05] C07: French Tarrasch: 3...c5, 4 Ngf3 and 4 exd5 Qxd5} (6... Qd8 7. O-O Nc6 8. Nb3 a6 9. Nbxd4 Nxd4 10. Nxd4 Qc7 11. Bd3 Nf6 12. Re1 Bd6 13. h3 O-O 14. Bg5 Be5 15. c3 h6 16. Nf3 Bxc3 {1-0 (51) Mamedov,R (2709)-Le,Q (2737) Huaian 2017}) 7. O-O Nc6 8. Nb3 a6 9. Nbxd4 Nxd4 10. Qxd4 Qxd4 11. Nxd4 Bd7 12. c3 Nf6 13. Re1 Be7 $146 ({Predecessor:} 13... Rc8 14. Be2 Bc5 15. Nb3 Bb6 16. Bf3 Bc6 17. Be3 Bxe3 18. Rxe3 Bxf3 19. Rxf3 Ke7 20. Rd1 {0-1 (50) Forchert,M (2282)-Kabatianski,A (2307) Germany 2017}) 14. Bg5 O-O 15. Rad1 Rfd8 16. Bb3 Rac8 17. h3 Kf8 18. f4 Ng8 19. Bxe7+ Nxe7 20. g4 Nc6 21. Nf3 Na5 22. Ne5 Be8 23. Kf2 Nc6 24. Nc4 Rxd1 25. Rxd1 Rd8 26. Nd6 Na5 27. Ne4 Rxd1 28. Bxd1 Nc4 29. b3 Nb6 30. c4 Bc6 31. Bf3 Nc8 32. Nc5 Bxf3 33. Kxf3 Nd6 34. Ke3 Ke7 35. Kd4 Kd8 36. a3 Kc7 37. b4 Nc8 38. Nd3 Ne7 39. Ke4 Nc6 $14 40. h4 Kd6 41. Nc5 {[%emt 0:13:54] Ke5+} 1/2-1/2

[Event "AUT-ch 2018"]
[Site "Vienna"]
[Date "2018.07.23"]
[Round "3"]
[White "Kuntner, Reinhard"]
[Black "Jakits, Leopold"]
[Result "0-1"]
[ECO "A20"]
[WhiteElo "2002"]
[BlackElo "2161"]
[Annotator "NA"]
[PlyCount "58"]
[EventDate "2018.07.22"]
[EventType "swiss"]
[EventCountry "AUT"]
[SourceTitle "playchess.com"]
[Source "ChessBase"]
[SourceQuality "1"]
[TimeControl "40/5400+30:1800+30"]

1. c4 e5 2. g3 Nf6 3. Bg2 d5 4. cxd5 Nxd5 5. Nc3 Nb6 6. Nf3 Nc6 7. a3 Be7 8. b4 Be6 9. O-O f6 10. d3 O-O 11. Be3 Nd5 12. Nxd5 Bxd5 13. Bc5 Bxc5 14. bxc5 Nd4 15. Nxd4 exd4 16. Bxd5+ Qxd5 17. Qc2 Rae8 18. Qa2 Re5 19. Qxd5+ Rxd5 20. Rfc1 Kf7 21. Rab1 Rb8 22. a4 Ke6 23. a5 Kd7 24. Rc4 c6 25. a6 Kc7 26. Rcb4 b5 27. cxb6+ Rxb6 28. Rxb6 axb6 29. a7 Ra5 0-1

[Event "AUT-ch 2018"]
[Site "Vienna"]
[Date "2018.07.24"]
[Round "4"]
[White "Morgunov, Daniel"]
[Black "Schnegg, Anna-Lena"]
[Result "1-0"]
[ECO "B38"]
[WhiteElo "2346"]
[BlackElo "2175"]
[Annotator "NA"]
[PlyCount "57"]
[EventDate "2018.07.22"]
[EventType "swiss"]
[EventCountry "AUT"]
[SourceTitle "playchess.com"]
[Source "ChessBase"]
[SourceQuality "1"]
[TimeControl "40/5400+30:1800+30"]

1. e4 c5 2. Nf3 Nc6 3. d4 cxd4 4. Nxd4 g6 5. c4 Bg7 6. Be3 d6 7. Nc3 Nf6 8. f3 O-O 9. Qd2 Bd7 10. Rc1 Nxd4 11. Bxd4 Bc6 12. Be2 Nd7 13. Be3 a5 14. b3 Nc5 15. O-O Be5 16. Rfd1 e6 17. Qe1 Qe7 18. Rc2 Rad8 19. Rb1 f5 20. exf5 exf5 21. Bf1 Rfe8 22. Bf2 Qg5 23. Qc1 Bf4 24. Qd1 Qh5 25. h3 Qg5 26. Nd5 Re5 27. h4 Qh6 28. g3 Re3 29. gxf4 1-0

[Event "AUT-ch 2018"]
[Site "Vienna"]
[Date "2018.07.24"]
[Round "4"]
[White "Neumeier, Klaus"]
[Black "Atzl, Florian"]
[Result "1-0"]
[ECO "A05"]
[WhiteElo "2284"]
[BlackElo "2117"]
[Annotator "NA"]
[PlyCount "47"]
[EventDate "2018.07.22"]
[EventType "swiss"]
[EventCountry "AUT"]
[SourceTitle "playchess.com"]
[Source "ChessBase"]
[SourceQuality "1"]
[TimeControl "40/5400+30:1800+30"]

1. Nf3 Nf6 2. c4 c5 3. g3 Nc6 4. Bg2 d5 5. cxd5 Nxd5 6. Nc3 Nc7 7. O-O e5 8. a3 f6 9. e3 Be7 10. d4 cxd4 11. exd4 exd4 12. Ne2 Ne6 13. b4 O-O 14. Bb2 d3 15. Nc1 Qb6 16. Nxd3 a5 17. Rb1 axb4 18. axb4 Kh8 19. b5 Na5 20. Nh4 Ng5 21. Nf4 Kg8 22. Bd5+ Nf7 23. Qh5 Bd8 24. Ba3 1-0

[Event "AUT-ch 2018"]
[Site "Vienna"]
[Date "2018.07.24"]
[Round "4"]
[White "Gelbenegger, Patrick"]
[Black "Wagner, Leopold Franziskus"]
[Result "1-0"]
[ECO "B13"]
[WhiteElo "2260"]
[BlackElo "2108"]
[Annotator "NA"]
[PlyCount "121"]
[EventDate "2018.07.22"]
[EventType "swiss"]
[EventCountry "AUT"]
[SourceTitle "playchess.com"]
[Source "ChessBase"]
[SourceQuality "1"]
[TimeControl "40/5400+30:1800+30"]

1. e4 c6 2. d4 d5 3. exd5 cxd5 4. Bd3 Nc6 5. c3 Qc7 6. h3 e6 7. Nf3 Bd6 8. Nbd2 Nge7 9. O-O Ng6 10. Re1 O-O 11. Nf1 Nce7 12. Bc2 h6 13. Qd3 f5 14. Bb3 a5 15. a4 b6 16. Bd2 Ba6 17. Qc2 Rf6 18. h4 Rc8 19. h5 Nf4 20. Ne5 Nxh5 21. Qd1 g6 22. Bxh6 Bxf1 23. Kxf1 Bxe5 24. Rxe5 Nc6 25. Re3 f4 26. Rh3 f3 27. Rxf3 Qh2 28. Rxf6 Nxf6 29. Be3 Qh1+ 30. Ke2 Qxg2 31. Qg1 Qe4 32. Qh1 Qf5 33. Qf3 Kf7 34. Qxf5 gxf5 35. Bf4 Nh5 36. Bd6 Rd8 37. Bc7 Rd7 38. Bh2 Kf6 39. Rh1 Rh7 40. Kf3 Kg6 41. Rg1+ Kf7 42. Bc2 Nf6 43. Bf4 Ne7 44. Bd3 Ne4 45. Ke3 Nc8 46. f3 Ned6 47. b3 Ke7 48. Rg8 Kd7 49. c4 Kc6 50. Rg6 Re7 51. Rg8 Kd7 52. c5 bxc5 53. dxc5 e5 54. Bg5 f4+ 55. Kd2 Nf7 56. Bb5+ Ke6 57. Bxe7 Nxe7 58. Ra8 e4 59. fxe4 dxe4 60. Bc4+ Kf5 61. Rf8 1-0